 Dungeon Crawl Stone Soup version 0.20-a0-1006-ge6c5631 (webtiles) character file.

567 Ordine the Carver (level 7, -2/41 HPs)
             Began as a Tengu Fighter on Apr 13, 2017.
             Slain by Zigma's ghost (10 damage)
             ... on level 4 of the Dungeon.
             The game lasted 00:08:29 (3790 turns).

Ordine the Carver (Tengu Fighter)                   Turns: 3790, Time: 00:08:30

Health: -2/41      AC:  5    Str: 18    XL:     7   Next: 33%
Magic:  8/8        EV:  7    Int:  9    God:
Gold:   196        SH: 10    Dex: 13    Spells: 6/6 levels left

rFire    + . .     SeeInvis .   a - +1 long sword
rCold    . . .     Gourm    .   c - +1 shield
rNeg     . . .     Faith    .   b - +0 scale mail
rPois    .         Spirit   .   (helmet restricted)
rElec    .         Reflect  .   o - +0 cloak
rCorr    .         Harm     .   (no gloves)
MR       .....                  (boots unavailable)
Stlth    ..........             m - amulet of regeneration
Regen    0.6/turn               (no ring)
MPRegen  0.2/turn               (no ring)

@: no status effects
A: antennae 1, beak, talons 3, deformed body, fire resistance 1, able to fly 1
a: Fly


You were on level 4 of the Dungeon.
You were near starving.

You visited 1 branch of the dungeon, and saw 4 of its levels.

You collected 196 gold pieces.

Inventory:

Hand Weapons
 a - a +1 long sword (weapon)
Armour
 b - a +0 scale mail (worn)
 c - a +1 shield (worn)
 o - a +0 cloak (worn)
Jewellery
 m - an amulet of regeneration (around neck)
Scrolls
 j - 5 scrolls of magic mapping
 n - 2 scrolls of teleportation
Potions
 e - a potion of lignification {unknown}
 i - 2 potions of haste {unknown}
 p - a potion of flight {unknown}
Comestibles
 f - 4 bread rations
 g - a meat ration
 k - 3 royal jellies
 l - 4 fruits


   Skills:
 - Level 3.0 Fighting
 + Level 8.6 Long Blades
 - Level 3.2 Armour
 - Level 3.0 Shields


You had 6 spell levels left.
You didn't know any spells.

Dungeon Overview and Level Annotations

Branches:
Dungeon (4/15)
 Temple: D:4-7

Altars:
Ru
Trog

Annotations:
D:4 Zigma's ghost, novice DrTm


Innate Abilities, Weirdness & Mutations

You have a beak for a mouth.
You have claws for feet.
You can fly.
You have a pair of small antennae on your head.
Armour fits poorly on your strangely shaped body.
Your flesh is heat resistant. (rF+)


Message History

You hit Zigma's ghost.
You peck Zigma's ghost, but do no damage.
Zigma's ghost is severely damaged.
Zigma's ghost hits you.
* * * LOW HITPOINT WARNING * * *
Unknown command.
You feel better.
You are near starving!
Zigma's ghost barely misses you.
You riposte.
You hit Zigma's ghost. Your kick misses Zigma's ghost.
Your peck misses Zigma's ghost.
Zigma's ghost is almost destroyed.
You closely miss Zigma's ghost.
Zigma's ghost is almost destroyed.
Zigma's ghost hits you!
* * * LOW HITPOINT WARNING * * *
You hit Zigma's ghost but do no damage.
You peck Zigma's ghost, but do no damage.
Zigma's ghost is almost destroyed.
Zigma's ghost hits you!
You die...

#...................#
#...................# .
#...................# ..
############'######## ... #.#
########.... ######.#
#........... #....<.#
#...........
########.#########....)......
.)..........>..)@Wr..........
####.....#########[........##
#.[...# #.........# #.....#
#.......?.# #.....#
#.........# #####.#
########### #.# #.# ##### #.#


You could see Zigma's ghost and a quokka.

Vanquished Creatures
  The ghost of Ordine the Slasher, an amateur TeFi (D:3)
  Blork the orc (D:4)
  2 jellies (D:3)
  An orc priest (D:3)
  An orc wizard (D:3)
  Ijyb (D:3)
  A howler monkey skeleton (D:4)
  3 gnolls (D:2)
  8 adders
  8 oozes (D:3)
  A worm (D:2)
  A dart slug (D:1)
  4 leopard geckos
  6 orcs
  3 ball pythons
  7 bats
  3 giant cockroaches
  4 goblins
  10 hobgoblins
  11 jackals
  13 kobolds
  2 quokkas (D:3)
  3 frilled lizards
  10 rats
105 creatures vanquished.

Vanquished Creatures (others)
  8 toadstools (D:3)
8 creatures vanquished.

Grand Total: 113 creatures vanquished

Notes
Turn   | Place    | Note
-------+----------+-------------------------------------------
     0 | D:1      | Ordine the Tengu Fighter began the quest for the Orb.
     0 | D:1      | Reached XP level 1. HP: 14/14 MP: 2/2
   449 | D:1      | Reached XP level 2. HP: 19/19 MP: 3/3
   464 | D:1      | Reached skill level 3 in Long Blades
   911 | D:1      | Gained mutation: You possess an exceptional clarity of mind. [potion of mutation]
   911 | D:1      | Gained mutation: Your muscles are strong. (Str +2) [potion of mutation]
   911 | D:1      | Gained mutation: Your mind is acute. (Int +2) [potion of mutation]
  1010 | D:2      | Reached XP level 3. HP: 20/23 MP: 4/4
  1013 | D:2      | Reached skill level 4 in Long Blades
  1478 | D:2      | Reached XP level 4. HP: 28/28 MP: 5/5
  1577 | D:2      | Found a bloodstained altar of Trog.
  1717 | D:2      | Reached skill level 5 in Long Blades
  2140 | D:2      | Found a sacrificial altar of Ru.
  2160 | D:2      | Gained mutation: You can fly. [Tengu growth]
  2160 | D:2      | Reached XP level 5. HP: 25/32 MP: 6/6
  2595 | D:3      | Lost mutation: Your mind is acute. (Int +2) [potion of mutation]
  2595 | D:3      | Lost mutation: You possess an exceptional clarity of mind. [potion of mutation]
  2595 | D:3      | Gained mutation: You tend to lose your temper in combat. [potion of mutation]
  2595 | D:3      | Gained mutation: You are robust. (+10% HP) [potion of mutation]
  2595 | D:3      | Gained mutation: You are resistant to hostile enchantments. (MR+) [potion of mutation]
  2709 | D:3      | Noticed Ordine's ghost (amateur TeFi)
  2712 | D:3      | Killed Ordine's ghost
  2712 | D:3      | Reached skill level 6 in Long Blades
  2712 | D:3      | Reached XP level 6. HP: 40/40 MP: 7/7
  2717 | D:3      | Reached skill level 7 in Long Blades
  2745 | D:3      | Found a faded altar of an unknown god.
  2887 | D:3      | Noticed Ijyb
  2901 | D:3      | Killed Ijyb
  3432 | D:3      | Reached skill level 8 in Long Blades
  3432 | D:3      | Reached XP level 7. HP: 45/45 MP: 8/8
  3594 | D:4      | Lost mutation: You are resistant to hostile enchantments. (MR+) [potion of mutation]
  3594 | D:4      | Lost mutation: Your muscles are strong. (Str +2) [potion of mutation]
  3594 | D:4      | Lost mutation: You tend to lose your temper in combat. [potion of mutation]
  3594 | D:4      | Lost mutation: You are robust. (+10% HP) [potion of mutation]
  3594 | D:4      | Gained mutation: Armour fits poorly on your strangely shaped body. [potion of mutation]
  3594 | D:4      | Gained mutation: You have a pair of small antennae on your head. [potion of mutation]
  3594 | D:4      | Gained mutation: Your flesh is heat resistant. (rF+) [potion of mutation]
  3631 | D:4      | Noticed Blork the orc
  3636 | D:4      | Killed Blork the orc
  3767 | D:4      | Noticed Zigma's ghost (novice DrTm)
  3790 | D:4      | Slain by Zigma's ghost

Vault maps used:
D:1:      dpeg_arrival_refuge, minmay_pentomino_v2
D:2:      nicolae_ru_awakened_eye, bloody_trog, first_bread
D:3:      cheibrodos_fertilizer, chequers_ecumenical_altar_island, uniq_iyjb
D:4:      uniq_blork_the_orc

Skill      XL: |  1  2  3  4  5  6 |
---------------+-------------------+-----
Long Blades    | 3 4 5 6 8 |  8.6
Fighting       | |  3.0
Armour         | |  3.2
Shields        | |  3.0

Action                   |  1- 3 |  4- 6 |  7- 9 || total
-------------------------+-------+-------+-------++-------
Melee: Long sword        |    74 |   170 |    31 ||   275
       Kick              |    17 |    58 |    12 ||    87
       Peck              |     8 |    30 |    10 ||    48
  Use: Scroll            |     5 |     3 |     2 ||    10
       Potion            |     1 |     4 |     2 ||     7
  Eat: Chunk             |     1 |     7 |       ||     8
Armor: Scale mail        |    39 |    60 |     1 ||   100
Dodge: Dodged            |    25 |    40 |     5 ||    70
Block: Shield            |    36 |    80 |    16 ||   132
       Rpst.: Long sword |     7 |    10 |     3 ||    20
